 Dungeon Sprint DCSS version 0.18-a0-1643-gb89d9db (webtiles) character file.

511818 Kidiri the Conqueror (level 20, 236/236 HPs)
             Began as a Naga Fighter on Mar 28, 2016.
             Was the Champion of Cheibriados.
             Escaped with the Orb!
             The game lasted 00:32:05 (4136 turns).

Kidiri the Conqueror (Naga Fighter)                 Turns: 4136, Time: 00:32:06

Health: 236/236    AC: 54    Str: 52    XL:     20   Next: 62%
Magic:  48/48      EV: 25    Int: 24    God:    Cheibriados [******]
Gold:   0          SH: 41    Dex: 29    Spells: 0 memorised, 19 levels left

rFire  . . .     SeeInvis +     a - +6 shillelagh "Devastator" {shatter}
rCold  + . .     Gourm    .     b - +15 Maxwell's patent armour {-Cast -Tele rElec MR+ rCorr}
rNeg   + + .     Faith    .     c - +18 shield of the gong {rElec rN+ MR+ EV-5}
rPois  +         Spirit   .     P - +0 helmet of Minnifar {rN+ MR+ Str+2} (curse)
rElec  +         Dismiss  +     K - +2 cloak {MR+}
rCorr  +         Reflect  .     j - +2 pair of gloves {archery}
SustAt .         Harm     .     (no barding)
MR     +++++     Clarity  +     J - amulet of Iqarit {Dismiss Fragile rElec Str+7 SInv}
Stlth  .......... NoTele   +    N - ring "Teankowaf" {+Inv rC+ Str+3 SInv} NoCast +
                                A - ring of the Octopus King {MP+9 AC+1 EV+1 Str+1 Int+1 Dex+1}

@: very slightly contaminated, studying Invocations, invisible, very slow,
almost entirely resistant to hostile enchantments, extremely unstealthy
A: iridescent scales 1, see invisible, berserk 1, blink, clarity, deformed body,
dopey 1, high mp 1, poison resistance, slowness 2, slow metabolism 1, spit
poison 2, wild magic 1, constrict 1, AC +6
a: Spit Poison, Blink, Bend Time, Temporal Distortion, Slouch, Step From Time,
Renounce Religion, Turn Visible
0: Orb of Zot


You escaped.
You worshipped Cheibriados.
Cheibriados was exalted by your worship.
You were full.

You visited 1 branch

Inventory:

Hand Weapons
 a - the +6 shillelagh "Devastator" (weapon) {shatter}
   (You found it in the Dungeon)
Armour
 b - the +15 Maxwell's patent armour (worn) {-Cast -Tele rElec MR+ rCorr}
   (You found it in the Dungeon)

   It insulates you from electricity.
   It affects your resistance to hostile enchantments.
   It prevents spellcasting.
   It prevents most forms of teleportation.
   It protects you from acid and corrosion.
 c - the +18 shield of the gong (worn) {rElec rN+ MR+ EV-5}
   (You found it in the Dungeon)

   It affects your evasion (-5).
   It insulates you from electricity.
   It protects you from negative energy.
   It affects your resistance to hostile enchantments.
 j - a +2 pair of gloves of archery (worn)
 K - a +2 cloak of magic resistance (worn)
 P - the cursed +0 helmet of Minnifar (worn) {rN+ MR+ Str+2}
   (You found it in the Dungeon)

   It affects your strength (+2).
   It protects you from negative energy.
   It affects your resistance to hostile enchantments.
   It has a curse placed upon it.
Jewellery
 h - the amulet of Vitality {Regen+ HP+15}
   (You found it in the Dungeon)

   [amulet of regeneration]

   It affects your health (+15).
   It increases your rate of regeneration.
 o - the amulet "Renuh" {Gourm rF++}
   (You found it in the Dungeon)

   [amulet of the gourmand]

   It allows you to eat raw meat even when not hungry.
   It greatly protects you from fire.
 y - the ring "Uniesigu" {+Fly rF+ Int+2 Slay+5}
   (You took it off a deep elf blademaster in the Dungeon)

   [ring of flight]

   It affects your intelligence (+2).
   It affects your accuracy and damage with ranged weapons and melee attacks
   (+5).
   It protects you from fire.
   It lets you fly.
 A - a ring of the Octopus King (left hand) {MP+9 AC+1 EV+1 Str+1 Int+1 Dex+1}
   (You found it in the Dungeon)

   [ring of magical power]

   It affects your AC (+1).
   It affects your evasion (+1).
   It affects your strength (+1).
   It affects your intelligence (+1).
   It affects your dexterity (+1).
   It affects your magic capacity (+9).
 C - the ring "Bucu" {Int+2 Slay+2}
   (You took it off a deep elf annihilator in the Dungeon)

   [ring of intelligence]

   It affects your intelligence (+2).
   It affects your accuracy and damage with ranged weapons and melee attacks
   (+2).
 D - the ring of Birdsong {rC+ Stlth+}
   (You found it in the Dungeon)

   [ring of protection from cold]

   It protects you from cold.
   It makes you more stealthy.
 E - the ring "Boidin" {rElec Str+4 Dex-3 SInv}
   (You found it in the Dungeon)

   [ring of see invisible]

   It affects your strength (+4).
   It affects your dexterity (-3).
   It insulates you from electricity.
   It lets you see invisible.
 J - the amulet of Iqarit (around neck) {Dismiss Fragile rElec Str+7 SInv}
   (You took it off a mummy priest in the Dungeon)

   [amulet of dismissal]

   It may teleport away creatures that harm you.
   It affects your strength (+7).
   It insulates you from electricity.
   It lets you see invisible.
   It will be destroyed if unequipped.
 L - an uncursed ring of positive energy
 M - an uncursed ring of protection from magic
 N - the ring "Teankowaf" (right hand) {+Inv rC+ Str+3 SInv}
   (You took it off a wight in the Dungeon)

   [ring of see invisible]

   It affects your strength (+3).
   It protects you from cold.
   It lets you see invisible.
   It lets you turn invisible.
 O - the ring "Wiytata" {rC+ Str+3 Int+2}
   (You found it in the Dungeon)

   [ring of strength]

   It affects your strength (+3).
   It affects your intelligence (+2).
   It protects you from cold.
 Q - the ring "Binagg" {SustAt Dex+4}
   (You found it in the Dungeon)

   [ring of sustain attributes]

   It sustains your strength, intelligence and dexterity.
   It affects your dexterity (+4).
 T - the ring of Didaofod {*Confuse Dex+6 Stlth-}
   (You took it off a deep elf mage in the Dungeon)

   [ring of loudness]

   It affects your dexterity (+6).
   It may confuse you when you take damage.
   It makes you less stealthy.
 U - an uncursed ring of protection from fire
 V - the ring of Juafusu {Fire Str+6}
   (You took it off an orc knight in the Dungeon)

   [ring of fire]

   It enhances your fire magic, and weakens your ice magic.
   It affects your strength (+6).
   It protects you from fire.
   It makes you vulnerable to cold.
 Y - the ring "Coir" {Wiz rElec Slay+2}
   (You took it off an orc warrior in the Dungeon)

   [ring of wizardry]

   It improves your spell success rate.
   It affects your accuracy and damage with ranged weapons and melee attacks
   (+2).
   It insulates you from electricity.
 Z - the ring "Sionle" {rElec Dex+3 Stlth-}
   (You took it off an orc sorcerer in the Dungeon)

   [ring of loudness]

   It affects your dexterity (+3).
   It insulates you from electricity.
   It makes you less stealthy.
Wands
 F - a wand of disintegration (7/24)
 G - a wand of iceblast (5/15)
 H - a wand of lightning (5/15)
 I - a wand of acid (5/15)
Scrolls
 k - 4 scrolls of blinking
 q - 4 scrolls of amnesia
 r - 4 scrolls of recharging
 s - 8 scrolls of fog
 t - a scroll of holy word
 u - 5 scrolls of identify
 v - 5 scrolls of remove curse
 w - 2 scrolls of fear
 R - 2 scrolls of brand weapon
Potions
 d - 9 potions of might
 e - 10 potions of curing
 g - 8 potions of heal wounds
 i - 6 potions of magic
 l - 2 potions of brilliance
 m - 2 potions of invisibility
 n - 4 potions of resistance
 p - 6 potions of agility
Books
 B - a manual of Shields
 S - a manual of Invocations
Comestibles
 f - 5 bread rations
 x - 42 fruits
 z - a meat ration
 W - 5 chunks of flesh
 X - 3 royal jellies


   Skills:
 O Level 27 Fighting
 * Level 26.2 Maces & Flails
 * Level 26.7 Armour
 + Level 20.1 Dodging
 O Level 27 Shields
 + Level 13.1 Invocations
 + Level 23.0 Evocations


You had 19 spell levels left.
You didn't know any spells.

Dungeon Overview and Level Annotations

Branches:
Dungeon (1/1)

Altars:
Ashenzari
Cheibriados
Dithmenos
Elyvilon
Fedhas
Gozag
Kikubaaqudgha
Makhleb
Nemelex Xobeh
Okawaru
Pakellas
Qazlal
Ru
Sif Muna
Trog
Vehumet
Xom
Yredelemnul
Zin
The Shining One
Beogh
Jiyva
Lugonu


Innate Abilities, Weirdness & Mutations

You cannot wear boots.
Your serpentine skin is tough (AC +6).
You have supernaturally acute eyesight.
Armour fits poorly on your strangely shaped body.
Your system is resistant to poisons.
You cover ground very slowly.
You have a slow metabolism.
You can spit poison.
You can use your snake-like lower body to constrict enemies.
You are partially covered in iridescent scales (AC +4).
You tend to lose your temper in combat.
You can translocate small distances at will.
You possess an exceptional clarity of mind.
You are dopey. (Int -2)
You have an increased reservoir of magic (+10% MP).
Your spells are a little harder to cast, but a little more powerful.


Message History

You see here an uncursed staff of earth.
You see here the +5 robe of Focus {+Blink Str+3}.
You see here a manual of Hexes.
You fade into invisibility!
You are very lightly contaminated with residual magic.
You feel somewhat less full. An exit appears before you!
Your surroundings seem different!
Found the Orb of Zot.
Found a staircase leading out of the dungeon.
Unknown command.
Unknown command.
Some of the chunks of flesh in your inventory have rotted away.
You see here the Orb of Zot.
You pick up the Orb of Zot!
The Orb lets out a hideous shriek!
The lords of Pandemonium are not amused.
Beware!
Cheibriados tells them not to hurry.
Now all you have to do is get back out of the dungeon!
Some of the chunks of flesh in your inventory have rotted away.
There is a staircase leading out of the dungeon here.
You have escaped!

............▓.............▓...8©8
............▓.............▓..))|=
............▓.............▓..[)=)
............▓.............▓....).
............▓.............▓.)....
............▓▓▓▓▓▓▓▓▓▓▓▓▓▓▓...)..
............▓8888888888888▓....).
▓.......▓...▓8...........8▓..▓..)
............▓8..@........8▓.▓....
............▓8...........8▓......
............▓8888888888888▓▓▓▓▓▓▓
▓▓▓▓▓▓▓▓▓▓▓▓▓▓▓▓▓▓▓▓▓▓▓▓▓▓▓▓▓▓▓▓▓
.....8©8........▓........8©8.....
.:.[.[)})|:[."..▓.}).)[.}).).))):
).)})}=))}}}).).▓.):)...}:).))":)
).}|:..)|}[.[}}.▓.)..).)[)):)))|:
................▓...)..)))|))))))


There were no monsters in sight!

Vanquished Creatures
  An ancient lich (D)
  A greater mummy (D)
  14 shard shrikes (shapeshifter) (D)
  2 caustic shrikes (shapeshifter) (D)
  3 golden dragons (D)
  2 Tzitzimimeh (D)
  A bone dragon (D)
  A hellephant (shapeshifter) (D)
  5 liches (D)
  3 quicksilver dragons (D)
  2 deep elf blademasters (D)
  An acid blob (shapeshifter) (D)
  3 titans (shapeshifter) (D)
  8 deep elf master archers (D)
  An eldritch tentacle (D)
  An acid blob (D)
  8 shadow dragons (D)
  A shadow dragon (shapeshifter) (D)
  An azure jelly (shapeshifter) (D)
  2 azure jellies (D)
  2 frost giants (D)
  7 deep elf sorcerers (D)
  4 ghost moths (D)
  An iron dragon (D)
  3 orc warlords (D)
  15 stone giants (D)
  5 ghouls (D)
  10 deep elf annihilators (D)
  A spark wasp (D)
  A blizzard demon (D)
  26 vault guards (D)
  2 death oozes (D)
  7 deep elf high priests (D)
  5 mummy priests (D)
  An entropy weaver (shapeshifter) (D)
  A great orb of eyes (shapeshifter) (D)
  3 yaktaur captains (D)
  3 great orbs of eyes (D)
  2 entropy weavers (D)
  2 naga warriors (D)
  5 hydras (D)
  3 fire dragons (D)
  5 ice dragons (D)
  An anaconda (D)
  2 anacondas (shapeshifter) (D)
  A catoblepas (shapeshifter) (D)
  6 dancing weapons (D)
  A death yak (shapeshifter) (D)
  6 orc high priests (D)
  2 vampire magi (D)
  3 hell hogs (D)
  4 soul eaters (D)
  4 deep elf knights (D)
  A deep troll (shapeshifter) (D)
  A sea snake (shapeshifter) (D)
  3 swamp dragons (D)
  A giant orange brain (shapeshifter) (D)
  6 death drakes (D)
  5 deep elf archers (D)
  2 anubis guards (shapeshifter) (D)
  6 orc knights (D)
  A hill giant (shapeshifter) (D)
  A wolf spider (shapeshifter) (D)
  An orb spider (D)
  A necromancer (D)
  An anubis guard (D)
  13 deep elf magi (D)
  A cyclops (shapeshifter) (D)
  3 orc sorcerers (D)
  A shining eye (D)
  3 hornets (D)
  3 manticores (shapeshifter) (D)
  A griffon (shapeshifter) (D)
  6 wolf spiders (D)
  A hornet (shapeshifter) (D)
  3 moths of wrath (D)
  4 black mambas (D)
  A guardian serpent (D)
  4 eyes of devastation (D)
  2 guardian serpents (shapeshifter) (D)
  A naga mage (D)
  A water nymph (shapeshifter) (D)
  A hellion (D)
  9 yaktaurs (D)
  A rime drake (shapeshifter) (D)
  5 rime drakes (D)
  4 demonic crawlers (D)
  2 freezing wraiths (D)
  A tormentor (D)
  2 yaktaurs (shapeshifter) (D)
  2 ice devils (D)
  A red devil (D)
  A komodo dragon (shapeshifter) (D)
  An efreet (D)
  A jumping spider (shapeshifter) (D)
  A guardian mummy (D)
  A two-headed ogre (shapeshifter) (D)
  3 trolls (D)
  A polar bear (shapeshifter) (D)
  2 polar bears (D)
  8 jumping spiders (D)
  A blink frog (shapeshifter) (D)
  An ushabti (D)
  12 slime creatures (D)
  2 shadows (D)
  An air elemental (D)
  3 tarantellas (D)
  2 flying skulls (D)
  A tarantella (shapeshifter) (D)
  5 redbacks (D)
  8 spriggans (D)
  5 wyverns (D)
  2 redbacks (shapeshifter) (D)
  2 spriggans (shapeshifter) (D)
  4 water elementals (D)
  A wraith (D)
  A golden eye (D)
  A fire elemental (D)
  A hog (shapeshifter) (D)
  3 steam dragons (D)
  A hippogriff (shapeshifter) (D)
  A steam dragon (shapeshifter) (D)
  2 wargs (D)
  6 nagas (D)
  6 mottled dragons (D)
  5 water moccasins (D)
  A soldier ant (shapeshifter) (D)
  2 hell hounds (D)
  3 swamp drakes (D)
  15 orc warriors (D)
  2 black bears (D)
  A black bear (shapeshifter) (D)
  8 wasps (D)
  2 eyes of draining (D)
  4 necrophages (D)
  2 phantoms (D)
  4 wolves (D)
  10 ogres (D)
  2 earth elementals (D)
  6 wights (D)
  2 orc priests (D)
  An orc wizard (D)
  5 mummies (D)
  7 adders (D)
  A white imp (D)
  A giant eyeball (D)
  4 oozes (D)
  5 adder zombies (D)
  2 adder skeletons (D)
  2 adder simulacra (D)
  3 ball pythons (D)
  A bat simulacrum (D)
  5 bat skeletons (D)
  5 bat zombies (D)
  A goblin (shapeshifter) (D)
  2 ball python zombies (D)
  2 giant cockroach zombies (D)
  A giant gecko skeleton (D)
  A giant gecko zombie (D)
  A jackal skeleton (D)
  A jackal zombie (D)
  A quokka simulacrum (D)
  3 quokka zombies (D)
  2 crawling corpses (D)
  2 fire vortices (D)
530 creatures vanquished.

Vanquished Creatures (others)
  25 eldritch tentacle segments (D)
25 creatures vanquished.

Grand Total: 555 creatures vanquished

Notes
Turn   | Place    | Note
--------------------------------------------------------------
     0 | D        | Kidiri the Naga Fighter began the quest for the Orb.
     0 | D        | Reached XP level 1. HP: 21/21 MP: 1/1
     2 | D        | Found a viscous altar of Jiyva.
     2 | D        | Found a roughly hewn altar of Beogh.
     2 | D        | Found a corrupted altar of Lugonu.
     2 | D        | Found a white marble altar of Elyvilon.
     2 | D        | Found a sparkling altar of Nemelex Xobeh.
     3 | D        | Found a burning altar of Makhleb.
     3 | D        | Found an iron altar of Okawaru.
     3 | D        | Found a deep blue altar of Sif Muna.
     3 | D        | Found a radiant altar of Vehumet.
     3 | D        | Found a bloodstained altar of Trog.
     3 | D        | Found a shimmering altar of Xom.
    22 | D        | Became a worshipper of Cheibriados the Contemplative
    67 | D        | Reached skill level 1 in Dodging
    67 | D        | Reached XP level 2. HP: 27/31 MP: 1/3
   101 | D        | Entered arena 1.
   101 | D        | Noticed a water moccasin
   103 | D        | Killed a water moccasin
   103 | D        | Reached * piety under Cheibriados
   103 | D        | Reached skill level 5 in Fighting
   103 | D        | Reached XP level 3. HP: 37/40 MP: 3/5
   103 | D        | Reached XP level 4. HP: 44/48 MP: 3/6
   103 | D        | Reached XP level 5. HP: 50/55 MP: 3/7
   109 | D        | Got the ring of Dooveikk {+Inv MR+ MP+9 Int+3}
   183 | D        | Entered arena 2.
   183 | D        | Noticed a naga
   183 | D        | Noticed a naga
   189 | D        | Reached ** piety under Cheibriados
   190 | D        | Killed a naga
   190 | D        | Reached skill level 5 in Armour
   190 | D        | Reached skill level 5 in Shields
   190 | D        | Reached skill level 1 in Evocations
   190 | D        | Reached XP level 6. HP: 57/63 MP: 9/9
   192 | D        | Killed a naga
   192 | D        | Reached *** piety under Cheibriados
   192 | D        | Reached skill level 5 in Maces & Flails
   283 | D        | Entered arena 3.
   283 | D        | Noticed a spriggan
   283 | D        | Noticed a spriggan
   283 | D        | Noticed a black bear
   287 | D        | Killed a black bear
   287 | D        | Reached skill level 5 in Invocations
   287 | D        | Reached XP level 7. HP: 58/72 MP: 10/10
   287 | D        | Killed a spriggan
   287 | D        | Reached **** piety under Cheibriados
   290 | D        | Killed a spriggan
   290 | D        | Reached ***** piety under Cheibriados
   302 | D        | Got the ring "Bumuawif" {rC+ rN+}
   346 | D        | Entered arena 4.
   346 | D        | Noticed a spriggan
   346 | D        | Noticed a spriggan
   350 | D        | Killed a spriggan
   350 | D        | Reached XP level 8. HP: 68/82 MP: 12/12
   350 | D        | Killed a spriggan
   351 | D        | Reached ****** piety under Cheibriados
   463 | D        | Entered arena 5.
   470 | D        | Reached skill level 5 in Dodging
   491 | D        | Entered arena 6.
   491 | D        | Noticed a spriggan
   491 | D        | Noticed a spriggan rider
   491 | D        | Noticed a spriggan
   491 | D        | Noticed a spriggan rider
   492 | D        | Killed a spriggan
   492 | D        | Reached skill level 5 in Evocations
   492 | D        | Reached XP level 9. HP: 92/92 MP: 14/14
   495 | D        | Killed a spriggan rider
   495 | D        | Reached skill level 10 in Fighting
   685 | D        | Entered arena 7.
   685 | D        | Noticed a deep elf mage
   685 | D        | Noticed a deep elf archer
   685 | D        | Noticed a deep elf mage
   685 | D        | Noticed a rime drake
   687 | D        | Killed a rime drake
   687 | D        | Reached XP level 10. HP: 103/103 MP: 15/15
   687 | D        | Killed a deep elf mage
   687 | D        | Killed a deep elf archer
   687 | D        | Killed a deep elf mage
   721 | D        | Entered arena 8.
   721 | D        | Noticed a black mamba
   722 | D        | Killed a black mamba
   722 | D        | Reached skill level 10 in Armour
   722 | D        | Reached skill level 10 in Shields
   859 | D        | Entered arena 9.
   859 | D        | Noticed a black mamba
   859 | D        | Noticed a naga mage
   860 | D        | Killed a black mamba
   861 | D        | Killed a naga mage
   997 | D        | Entered arena 10.
   997 | D        | Noticed a hell hog
   997 | D        | Noticed a hell hog
   997 | D        | Noticed a hell hog
   998 | D        | Reached XP level 11. HP: 114/114 MP: 17/17
   999 | D        | Killed a hell hog
   999 | D        | Killed a hell hog
   999 | D        | Killed a hell hog
  1014 | D        | Got a ring of the Octopus King {MP+9 AC+1 EV+1 Str+1 Int+1 Dex+1}
  1115 | D        | Entered arena 11.
  1115 | D        | Noticed a naga warrior
  1115 | D        | Noticed an anaconda
  1117 | D        | Killed an anaconda
  1118 | D        | Noticed a naga warrior
  1125 | D        | Killed a naga warrior
  1132 | D        | Killed a naga warrior
  1166 | D        | Gained mutation: You are agile. (Dex +2) [mutagenic meat]
  1167 | D        | Gained mutation: Your muscles are strong. (Str +2) [mutagenic meat]
  1168 | D        | Gained mutation: You are partially covered in yellow scales (AC +2). [mutagenic meat]
  1169 | D        | Gained mutation: Your spells are a little easier to cast, but a little less powerful. [mutagenic meat]
  1170 | D        | Lost mutation: You are agile. (Dex +2) [mutagenic meat]
  1287 | D        | Entered arena 12.
  1287 | D        | Noticed a deep elf annihilator
  1287 | D        | Noticed a deep elf high priest
  1287 | D        | Noticed a deep elf master archer
  1287 | D        | Noticed a deep elf annihilator
  1288 | D        | Noticed a deep elf master archer
  1289 | D        | Noticed a long sword of freezing
  1289 | D        | Noticed a glaive of protection
  1289 | D        | Killed a glaive of protection
  1289 | D        | Reached skill level 10 in Maces & Flails
  1289 | D        | Killed a long sword of freezing
  1289 | D        | Reached XP level 12. HP: 125/127 MP: 18/18
  1289 | D        | Killed a deep elf annihilator
  1291 | D        | Killed a deep elf master archer
  1291 | D        | Killed a deep elf annihilator
  1291 | D        | Killed a deep elf master archer
  1291 | D        | Reached skill level 10 in Evocations
  1291 | D        | Killed a deep elf high priest
  1388 | D        | Entered arena 13.
  1391 | D        | Paralysed by a giant eyeball for 4 turns
  1395 | D        | Reached skill level 15 in Fighting
  1396 | D        | Noticed a great orb of eyes
  1396 | D        | Noticed a great orb of eyes
  1396 | D        | Gained mutation: You are dopey. (Int -2) [a shining eye]
  1401 | D        | Killed a great orb of eyes
  1401 | D        | Killed a great orb of eyes
  1401 | D        | Gained mutation: You can use your snake-like lower body to constrict enemies. [Naga growth]
  1401 | D        | Reached XP level 13. HP: 135/139 MP: 5/20
  1410 | D        | Got the amulet "Yblynoro" {Fragile +Rage +Inv rElec rF+}
  1508 | D        | Entered arena 14.
  1509 | D        | Noticed a frost giant
  1509 | D        | Noticed a frost giant
  1511 | D        | Noticed a blizzard demon
  1519 | D        | Killed a frost giant
  1521 | D        | Killed a blizzard demon
  1521 | D        | Killed a frost giant
  1521 | D        | Reached skill level 10 in Dodging
  1755 | D        | Entered arena 15.
  1756 | D        | Noticed a vault guard
  1756 | D        | Noticed a vault guard
  1756 | D        | Noticed a vault guard
  1756 | D        | Noticed a vault guard
  1756 | D        | Noticed a vault guard
  1756 | D        | Noticed a stone giant
  1756 | D        | Noticed a vault guard
  1757 | D        | Noticed a vault guard
  1757 | D        | Noticed a vault guard
  1757 | D        | Noticed a stone giant
  1762 | D        | Killed a vault guard
  1762 | D        | Killed a stone giant
  1763 | D        | Killed a vault guard
  1763 | D        | Killed a vault guard
  1766 | D        | Killed a vault guard
  1767 | D        | Killed a vault guard
  1768 | D        | Killed a stone giant
  1768 | D        | Killed a vault guard
  1770 | D        | Killed a vault guard
  1770 | D        | Killed a vault guard
  1858 | D        | Entered arena 16.
  1864 | D        | Noticed a lich
  1870 | D        | Reached XP level 14. HP: 153/153 MP: 23/23
  1872 | D        | Noticed a tentacled monstrosity
  1872 | D        | Killed a lich
  1877 | D        | Got the ring of Midsummer {Ice +Inv Str-5 Dex+4}
  1888 | D        | Got the ring "Teankowaf" {+Inv rC+ Str+3 SInv}
  1899 | D        | Got the ring of the Eight Songs {+Fly AC+3 Int-4 Dex+2}
  1903 | D        | Entered arena 17.
  1909 | D        | Reached skill level 15 in Armour
  1910 | D        | Reached skill level 15 in Shields
  2265 | D        | Entered arena 18.
  2270 | D        | Noticed a greater mummy
  2275 | D        | Noticed a reaper
  2276 | D        | Noticed a reaper
  2284 | D        | HP: 7/154 [reaper/scythe of freezing[a mummy priest's death curse] (3)]
  2286 | D        | Killed a greater mummy
  2296 | D        | Got the amulet of Iqarit {Dismiss Fragile rElec Str+7 SInv}
  2315 | D        | Got the cursed +0 helmet of Minnifar {rN+ MR+ Str+2}
  2593 | D        | Entered arena 19.
  2598 | D        | Noticed an azure jelly
  2598 | D        | Noticed an acid blob
  2600 | D        | Noticed an azure jelly
  2601 | D        | Killed an azure jelly
  2601 | D        | Killed an acid blob
  2603 | D        | Killed an azure jelly
  2628 | D        | Got the ring of Xuciyxta {Ice rElec Int+2}
  2757 | D        | Entered arena 20.
  2761 | D        | Noticed a Tzitzimitl
  2762 | D        | Noticed a shadow dragon
  2762 | D        | Noticed a ghoul
  2762 | D        | Noticed a ghoul
  2762 | D        | Noticed a shadow dragon
  2762 | D        | Noticed a ghoul
  2762 | D        | Noticed a ghoul
  2762 | D        | Noticed a ghoul
  2762 | D        | Noticed a shadow dragon
  2763 | D        | Noticed a bone dragon
  2764 | D        | Noticed a Tzitzimitl
  2765 | D        | Reached XP level 15. HP: 162/165 MP: 23/25
  2766 | D        | Killed a Tzitzimitl
  2766 | D        | Killed a shadow dragon
  2766 | D        | Killed a shadow dragon
  2767 | D        | Killed a shadow dragon
  2767 | D        | Killed a ghoul
  2767 | D        | Killed a ghoul
  2767 | D        | Killed a Tzitzimitl
  2768 | D        | Killed a ghoul
  2769 | D        | Killed a ghoul
  2770 | D        | Killed a bone dragon
  2770 | D        | Reached skill level 15 in Maces & Flails
  2772 | D        | Killed a ghoul
  2908 | D        | Entered arena 21.
  2915 | D        | Noticed a titan
  2915 | D        | Noticed a glowing shapeshifter
  2915 | D        | Noticed a titan
  2915 | D        | Noticed a juggernaut
  2915 | D        | a titan changed into a juggernaut
  2915 | D        | a glowing shapeshifter changed into a giant frog
  2916 | D        | Noticed a titan
  2916 | D        | Noticed an iron giant
  2916 | D        | Noticed a shard shrike
  2916 | D        | Noticed a titan
  2916 | D        | Noticed a shard shrike
  2916 | D        | a titan changed into a shard shrike
  2916 | D        | Noticed an iron giant
  2916 | D        | a shard shrike changed into an iron giant
  2916 | D        | Noticed a shard shrike
  2916 | D        | an iron giant changed into a shard shrike
  2916 | D        | Noticed a shard shrike
  2916 | D        | a juggernaut changed into a shard shrike
  2916 | D        | Noticed a hellephant
  2916 | D        | a titan changed into a hellephant
  2916 | D        | Noticed a titan
  2916 | D        | a hellephant changed into a titan
  2917 | D        | Noticed a juggernaut
  2917 | D        | Noticed a shard shrike
  2917 | D        | an iron giant changed into a shard shrike
  2917 | D        | Noticed a titan
  2917 | D        | a shard shrike changed into a titan
  2917 | D        | Noticed an iron dragon
  2917 | D        | a titan changed into an iron dragon
  2917 | D        | Noticed a shard shrike
  2917 | D        | Noticed a hellephant
  2918 | D        | Killed a shard shrike
  2918 | D        | Killed a shard shrike
  2918 | D        | Reached skill level 15 in Evocations
  2918 | D        | Killed a shard shrike
  2918 | D        | Reached XP level 16. HP: 177/180 MP: 27/27
  2918 | D        | Killed a shard shrike
  2918 | D        | Noticed a shard shrike
  2918 | D        | a hellephant changed into a shard shrike
  2918 | D        | Noticed a shard shrike
  2918 | D        | a juggernaut changed into a shard shrike
  2918 | D        | Noticed a sphinx
  2918 | D        | an apis changed into a sphinx
  2919 | D        | Killed a shard shrike
  2919 | D        | Noticed a storm dragon
  2919 | D        | a sphinx changed into a storm dragon
  2920 | D        | Killed a titan
  2920 | D        | Killed a shard shrike
  2920 | D        | Killed a titan
  2921 | D        | Noticed a shadow dragon
  2921 | D        | an iron dragon changed into a shadow dragon
  2922 | D        | Noticed a titan
  2922 | D        | a shadow dragon changed into a titan
  2924 | D        | Noticed an iron giant
  2925 | D        | Noticed a shard shrike
  2925 | D        | a titan changed into a shard shrike
  2927 | D        | Killed a shard shrike
  2927 | D        | Noticed a hellephant
  2927 | D        | an iron giant changed into a hellephant
  2928 | D        | a storm dragon changed into an entropy weaver
  2935 | D        | Noticed a juggernaut
  2935 | D        | a hellephant changed into a juggernaut
  2941 | D        | Noticed a shard shrike
  2941 | D        | a juggernaut changed into a shard shrike
  2945 | D        | Noticed a titan
  2945 | D        | a shard shrike changed into a titan
  2946 | D        | Noticed a hellephant
  2946 | D        | a titan changed into a hellephant
  2947 | D        | Noticed a shard shrike
  2947 | D        | a hellephant changed into a shard shrike
  2948 | D        | Noticed a hellephant
  2948 | D        | a shard shrike changed into a hellephant
  2949 | D        | Killed a hellephant
  3045 | D        | Got the ring "Boidin" {rElec Str+4 Dex-3 SInv}
  3063 | D        | Entered arena 22.
  3070 | D        | Noticed an iron giant
  3070 | D        | Noticed a shard shrike
  3070 | D        | Noticed a shadow dragon
  3070 | D        | Noticed an iron giant
  3070 | D        | Noticed a juggernaut
  3070 | D        | an iron giant changed into a juggernaut
  3070 | D        | Noticed a quicksilver dragon
  3070 | D        | a shadow dragon changed into a quicksilver dragon
  3070 | D        | Noticed a juggernaut
  3070 | D        | an iron giant changed into a juggernaut
  3071 | D        | Noticed a shard shrike
  3071 | D        | Noticed an iron giant
  3071 | D        | Noticed a hellephant
  3071 | D        | Noticed a juggernaut
  3071 | D        | Noticed an iron giant
  3071 | D        | Noticed a shard shrike
  3071 | D        | Noticed a juggernaut
  3071 | D        | an iron giant changed into a juggernaut
  3071 | D        | Noticed a shard shrike
  3071 | D        | a juggernaut changed into a shard shrike
  3071 | D        | Noticed a caustic shrike
  3071 | D        | a hellephant changed into a caustic shrike
  3071 | D        | Noticed a caustic shrike
  3071 | D        | a shard shrike changed into a caustic shrike
  3071 | D        | Noticed an azure jelly
  3071 | D        | a caustic shrike changed into an azure jelly
  3071 | D        | Noticed a hellephant
  3071 | D        | a juggernaut changed into a hellephant
  3071 | D        | Noticed a shard shrike
  3071 | D        | an iron giant changed into a shard shrike
  3071 | D        | Noticed a titan
  3071 | D        | a juggernaut changed into a titan
  3071 | D        | a quicksilver dragon changed into a catoblepas
  3071 | D        | Noticed a titan
  3071 | D        | a juggernaut changed into a titan
  3071 | D        | Noticed a shard shrike
  3072 | D        | Noticed an iron giant
  3072 | D        | Killed a shard shrike
  3072 | D        | Killed a shard shrike
  3072 | D        | Killed a shard shrike
  3072 | D        | Reached XP level 17. HP: 190/194 MP: 29/29
  3072 | D        | Killed a shard shrike
  3072 | D        | a caustic shrike changed into an iron dragon
  3072 | D        | Noticed a shard shrike
  3072 | D        | a hellephant changed into a shard shrike
  3072 | D        | Noticed a hellephant
  3072 | D        | a titan changed into a hellephant
  3073 | D        | Noticed an iron giant
  3073 | D        | Noticed a caustic shrike
  3073 | D        | Killed a shard shrike
  3073 | D        | Reached skill level 15 in Dodging
  3073 | D        | Killed a shard shrike
  3073 | D        | Noticed a shard shrike
  3073 | D        | an iron giant changed into a shard shrike
  3073 | D        | Noticed a caustic shrike
  3073 | D        | a hellephant changed into a caustic shrike
  3074 | D        | Killed a caustic shrike
  3074 | D        | Killed a shard shrike
  3074 | D        | Noticed a titan
  3074 | D        | an iron giant changed into a titan
  3075 | D        | Noticed a juggernaut
  3075 | D        | a titan changed into a juggernaut
  3075 | D        | Noticed a hellephant
  3075 | D        | a juggernaut changed into a hellephant
  3075 | D        | a caustic shrike changed into an iron dragon
  3075 | D        | Noticed a golden dragon
  3075 | D        | a titan changed into a golden dragon
  3077 | D        | Noticed a juggernaut
  3077 | D        | a hellephant changed into a juggernaut
  3079 | D        | Noticed an acid blob
  3079 | D        | a golden dragon changed into an acid blob
  3080 | D        | Noticed an acid blob
  3080 | D        | a shadow dragon changed into an acid blob
  3081 | D        | Noticed a caustic shrike
  3081 | D        | an acid blob changed into a caustic shrike
  3082 | D        | an acid blob changed into a shadow dragon
  3083 | D        | Noticed a titan
  3083 | D        | a juggernaut changed into a titan
  3083 | D        | Noticed a golden dragon
  3083 | D        | a fire giant changed into a golden dragon
  3083 | D        | Noticed a golden dragon
  3083 | D        | a caustic shrike changed into a golden dragon
  3086 | D        | a golden dragon changed into a shadow dragon
  3087 | D        | Noticed an acid blob
  3087 | D        | a shadow dragon changed into an acid blob
  3089 | D        | Killed a titan
  3089 | D        | Noticed an acid blob
  3089 | D        | a shadow dragon changed into an acid blob
  3091 | D        | an acid blob changed into a shadow dragon
  3092 | D        | Killed an acid blob
  3092 | D        | Noticed an acid blob
  3092 | D        | a golden dragon changed into an acid blob
  3094 | D        | Noticed a golden dragon
  3094 | D        | an acid blob changed into a golden dragon
  3094 | D        | a golden dragon changed into a shadow dragon
  3095 | D        | Noticed a golden dragon
  3095 | D        | a shadow dragon changed into a golden dragon
  3096 | D        | a golden dragon changed into a shadow dragon
  3103 | D        | Noticed a caustic shrike
  3103 | D        | a shadow dragon changed into a caustic shrike
  3107 | D        | Killed a caustic shrike
  3114 | D        | Gained mutation: Your tail ends in a poisonous barb. [mutagenic meat]
  3115 | D        | Gained mutation: Your body sometimes deteriorates upon taking damage. [mutagenic meat]
  3124 | D        | Gained mutation: You are clumsy. (Dex -2) [mutagenic meat]
  3127 | D        | Gained mutation: You are partially covered in iridescent scales (AC +4). [mutagenic meat]
  3142 | D        | Lost mutation: Your tail ends in a poisonous barb. [mutagenic meat]
  3148 | D        | Gained mutation: You tend to lose your temper in combat. [mutagenic meat]
  3149 | D        | Lost mutation: You are clumsy. (Dex -2) [mutagenic meat]
  3159 | D        | Lost mutation: Your body sometimes deteriorates upon taking damage. [mutagenic meat]
  3160 | D        | Lost mutation: Your muscles are strong. (Str +2) [mutagenic meat]
  3161 | D        | Gained mutation: You can translocate small distances at will. [mutagenic meat]
  3168 | D        | Gained mutation: You are very dopey. (Int -4) [mutagenic meat]
  3169 | D        | Gained mutation: Your body sometimes deteriorates upon taking damage. [mutagenic meat]
  3181 | D        | Lost mutation: Your body sometimes deteriorates upon taking damage. [mutagenic meat]
  3224 | D        | Entered arena 23.
  3231 | D        | Noticed a lich
  3232 | D        | Noticed a lich
  3232 | D        | Noticed a lich
  3232 | D        | Noticed an ancient lich
  3232 | D        | Noticed a lich
  3233 | D        | Noticed an Ice Fiend
  3235 | D        | Killed a lich
  3235 | D        | Killed a lich
  3235 | D        | Reached XP level 18. HP: 188/210 MP: 29/31
  3236 | D        | Killed a lich
  3236 | D        | Killed an ancient lich
  3236 | D        | Killed a lich
  3390 | D        | Entered arena 24.
  3421 | D        | Lost mutation: Your spells are a little easier to cast, but a little less powerful. [mutagenic meat]
  3422 | D        | Gained mutation: You possess an exceptional clarity of mind. [mutagenic meat]
  3423 | D        | Lost mutation: You are partially covered in yellow scales (AC +2). [mutagenic meat]
  3424 | D        | Gained mutation: Your spells are a little harder to cast, but a little more powerful. [mutagenic meat]
  3425 | D        | Gained mutation: You have an increased reservoir of magic (+10% MP). [mutagenic meat]
  3429 | D        | Lost mutation: You are very dopey. (Int -4) [mutagenic meat]
  3488 | D        | Got the ring of the Serpent {MR+ Int+3}
  3495 | D        | Got the amulet "Renuh" {Gourm rF++}
  3550 | D        | Entered arena 25.
  3559 | D        | Noticed a quicksilver dragon
  3559 | D        | Noticed a quicksilver dragon
  3559 | D        | Noticed a golden dragon
  3559 | D        | Noticed a quicksilver dragon
  3561 | D        | Noticed a golden dragon
  3561 | D        | Noticed a golden dragon
  3561 | D        | Killed a quicksilver dragon
  3561 | D        | Reached XP level 19. HP: 225/225 MP: 36/36
  3562 | D        | Reached skill level 27 in Fighting
  3563 | D        | Killed a golden dragon
  3564 | D        | Killed a golden dragon
  3564 | D        | Killed a golden dragon
  3743 | D        | Got the ring of Birdsong {rC+ Stlth+}
  3761 | D        | Got the ring "Wiytata" {rC+ Str+3 Int+2}
  3764 | D        | Got the ring "Binagg" {SustAt Dex+4}
  3812 | D        | Entered arena 26.
  3825 | D        | Reached XP level 20. HP: 225/236 MP: 36/38
  3838 | D        | Got the ring "Uniesigu" {+Fly rF+ Int+2 Slay+5}
  3843 | D        | Got the ring "Bucu" {Int+2 Slay+2}
  4002 | D        | Got the ring of Didaofod {*Confuse Dex+6 Stlth-}
  4015 | D        | Entered arena 27.
  4023 | D        | Identified a +5 rod of inaccuracy (8/11)
  4028 | D        | Reached skill level 10 in Invocations
  4034 | D        | Reached skill level 27 in Shields
  4043 | D        | Got the ring of Juafusu {Fire Str+6}
  4107 | D        | Got the ring "Coir" {Wiz rElec Slay+2}
  4113 | D        | Got the ring "Sionle" {rElec Dex+3 Stlth-}
  4131 | D        | Got the Orb of Zot
  4136 | D        | Escaped with the Orb!

Vault maps used:
D:        sprint_v

Skill      XL: |  1  2  3  4  5  6  7  8  9 10 11 12 13 14 15 16 17 18 19 20 |
---------------+-------------------------------------------------------------+-----
Fighting       | 4 5 6 7 8 9 10 12 13 15 17 18 20 22 24 26 27 | 27.0
Maces & Flails | 3 4 5 6 7 8 10 11 12 14 15 17 18 21 24 26 | 26.2
Armour         | 3 4 5 6 7 8 9 10 11 13 14 16 18 19 21 23 25 26 | 26.7
Dodging        | 1 2 3 4 5 6 7 8 9 10 12 13 14 16 17 19 20 | 20.1
Shields        | 3 4 5 6 7 8 9 10 11 13 14 16 18 19 21 23 25 27 | 27.0
Invocations    | 2 3 4 5 6 7 8 13 | 13.1
Evocations     | 1 2 4 5 6 7 9 10 12 13 15 16 18 20 21 23 | 23.0

Action                   |  1- 3 |  4- 6 |  7- 9 | 10-12 | 13-15 | 16-18 | 19-21 || total
-------------------------+-------+-------+-------+-------+-------+-------+-------++-------
Melee: Shillelagh        |     2 |    11 |    22 |    20 |    54 |    63 |    10 ||   182
Invok: Slouch            |       |       |     2 |    16 |    23 |    25 |    22 ||    88
 Abil: Spit Poison       |       |       |       |     1 |       |       |       ||     1
       Evoke Invisibilit |       |       |       |       |     4 |     4 |     3 ||    11
  Use: Potion            |     1 |       |       |       |     6 |     1 |       ||     8
       Scroll            |       |       |       |       |       |       |     4 ||     4
 Stab: Invisible         |       |       |       |       |     2 |       |     2 ||     4
  Eat: Chunk             |       |       |    10 |     7 |       |    33 |     2 ||    52
       Meat ration       |       |       |       |       |     1 |       |     2 ||     3
